AoeStats
← Hitokirivan

Arabia

505033372Analyzed
1v1 RM · 26d ago on Sep 7, 2026· 44m 7s· 2 players
Game mode
Random Map
Map size
Tiny (2 player)
Population
200
Speed
Normal
Resources
Standard
Victory
Conquest
Starting age
Dark Age
Ending age
Imperial Age
RankedLock teamsTeams togetherTeam positionsShared explorationLock speedFull tech treeHidden civsTurbo modeCheats
Victory
Defeat
🇦🇷 Mapuche · Argentina
975
+16
🇵🇪 Huns · Peru
971
-16
Hitokirivan
5:55 Loom
12:58 Feudal Age
18:56 Castle Age
21:43 Town Watch
22:34 Wheelbarrow
22:51 Town Patrol
chary_p
8:48 Feudal Age
9:30 Double-Bit Axe
13:08 Loom
14:48 Wheelbarrow
17:52 Castle Age
19:32 Elite Skirmisher
19:55 Horse Collar
20:28 Bow Saw
25:16 Fletching
30:57 Heavy Plow
30:58 Gold Mining
36:55 Bodkin Arrow
37:11 Forging
38:36 Iron Casting
41:44 Imperial Age
39:03 Town Watch
42:20 Spies/Treason
42:32 Spies/Treason
Connection lost

Rejoining the realm…

Still unreachable

The connection could not be restored.

Session expired

The server has moved on; the page needs a fresh start.